COLORADO Avalanche vs PITTSBURGH Penguins

Created - 18 février 2024 at 08:14

Goals
1 2 3 OT1 SO T
COLORADO Avalanche 1 0 0 0 2 1
PITTSBURGH Penguins 1 0 0 0 3 2
Shots
1 2 3 OT1 SO T
COLORADO Avalanche 14 19 10 6 7 49
PITTSBURGH Penguins 10 8 5 2 7 25

1st period

1. PITTSBURGH Penguins , Jason Robertson 2 (Adam Pelech 8) at 6:25
2. COLORADO Avalanche , Tomas Nosek 1 (Alex Iafallo 1, Tyson Barrie 4) at 9:58

Penalties :
Connor Clifton (PIT) for High sticking (Minor) at 2:56, Tomas Nosek (COL) for Delaying the game (Minor) at 14:00, Barclay Goodrow (PIT) for Slashing (Minor) at 19:50, Jordie Benn (COL) for Roughing (Minor) at 19:50

2nd period

No Goal

Penalties :
Evgeni Malkin (PIT) for Hooking (Minor) at 5:12, Zach Aston-Reese (COL) for Interference (Minor) at 7:30, Jordan Kyrou (PIT) for Roughing (Double Minor) at 9:11, Barclay Goodrow (PIT) for Interference (Minor) at 16:35

3rd period

No Goal

Penalties :
Adam Pelech (PIT) for High sticking (Minor) at 3:19, Yakov Trenin (PIT) for Roughing (Minor) at 17:59

Overtime #1

No Goal

Penalties :
No Penalty

Shootout

COLORADO Avalanche, David Pastrnak - Stopped by Cam Talbot
PITTSBURGH Penguins, Jason Robertson - Stopped by Jonathan Quick
COLORADO Avalanche, Jeff Skinner - Goal!
PITTSBURGH Penguins, Evgeni Malkin - Stopped by Jonathan Quick
COLORADO Avalanche, Jordan Eberle - Shot Misses the Net
PITTSBURGH Penguins, Jake Guentzel - Goal!
COLORADO Avalanche, Jake DeBrusk - Shot Misses the Net
PITTSBURGH Penguins, Barclay Goodrow - Stopped by Jonathan Quick
COLORADO Avalanche, Jason Zucker - Stopped by Cam Talbot
PITTSBURGH Penguins, Patrik Laine - Stopped by Jonathan Quick
COLORADO Avalanche, Trevor Zegras - Goal!
PITTSBURGH Penguins, Jordan Kyrou - Goal!
COLORADO Avalanche, Tyson Barrie - Shot Misses the Net
PITTSBURGH Penguins, Thomas Chabot - Goal!

Penalties :
No Penalty

Goalie Stats

Jonathan Quick (COL), 24 saves from 25 shots - (0,960), OTL, 3-2-1, 65:00 minutes
Cam Talbot (PIT), 48 saves from 49 shots - (0,980), W, 3-1-1, 65:00 minutes

Players Stats for COLORADO Avalanche

Player Name              G  A  P  +/- PIM S  H  SB GA TA FO     MP     PP MP  PK MP  
------------------------------------------------------------------------------------
Alex Iafallo             0  1  1   1  0   2  0  0  0  0  2/2     7:32   0:19   0:08 
Craig Smith              0  0  0   0  0   6  4  0  0  0  13/29  20:14   6:58   0:00 
David Pastrnak           0  0  0  -1  0   4  1  0  0  0  4/9    24:31   6:19   2:09 
Jake DeBrusk             0  0  0   0  0   6  1  0  0  0  0/1    21:41   6:58   1:23 
Jason Zucker             0  0  0   0  0   3  0  0  0  0  1/1     9:44   0:19   0:00 
Jeff Skinner             0  0  0  -1  0   5  1  1  0  0  4/5    26:06   6:19   2:09 
Jordan Eberle            0  0  0   0  0   1  0  0  0  0  4/7    21:41   6:58   1:23 
Jordie Benn              0  0  0   0  2   2  3  1  0  0  0/0    12:14   0:19   0:00 
Kris Russell             0  0  0   0  0   1  2  0  0  0  0/0    13:50   0:00   0:00 
Mark Pysyk               0  0  0  -1  0   1  1  0  0  0  0/0    25:42   6:37   1:45 
Nick Foligno             0  0  0   0  0   4  1  0  0  0  3/10   11:50   0:19   0:08 
Oliver Ekman-Larsson     0  0  0   1  0   0  2  2  0  0  0/0    25:10   6:59   1:55 
Tomas Nosek              1  0  1   1  2   4  0  0  0  0  4/10    6:51   0:00   0:00 
Trevor Zegras            0  0  0  -1  0   2  3  0  0  0  12/24  20:31   6:19   0:00 
Tyler Johnson            0  0  0   1  0   2  1  0  0  0  0/0     3:56   0:00   0:00 
Tyson Barrie             0  1  1   1  0   3  1  2  0  0  0/0    24:51   6:40   1:55 
Zach Aston-Reese         0  0  0   0  2   1  0  0  0  0  1/1     9:24   0:00   0:00 
Zach Bogosian            0  0  0  -1  0   2  2  2  0  0  0/0    23:12   6:37   1:45 

Players Stats for PITTSBURGH Penguins

Player Name              G  A  P  +/- PIM S  H  SB GA TA FO     MP     PP MP  PK MP  
------------------------------------------------------------------------------------
Adam Pelech              0  1  1   1  2   2  2  4  0  0  0/0    23:07   2:00   5:36 
Alexander Volkov         0  0  0   0  0   0  0  3  0  0  0/1     9:46   0:16   1:04 
Barclay Goodrow          0  0  0  -1  4   3  0  0  0  0  16/29  19:28   1:40   4:48 
Brandon Carlo            0  0  0   0  0   1  5  3  0  0  0/0    24:26   0:49   6:52 
Connor Clifton           0  0  0   1  2   0  3  1  0  0  0/0    16:39   0:16   1:11 
Evgeni Malkin            0  0  0   1  2   0  0  0  0  0  18/29  21:22   2:00   7:29 
Gabriel Vilardi          0  0  0   0  0   1  0  0  0  0  2/7     7:33   0:00   0:00 
Jake Guentzel            0  0  0   0  0   4  1  0  0  0  0/1    18:31   1:44   3:49 
Jason Robertson          1  0  1   1  0   6  1  1  0  0  1/2    24:40   2:00   8:29 
Jesse Puljujarvi         0  0  0  -1  0   0  1  0  0  0  0/0    10:08   0:00   0:00 
Jordan Kyrou             0  0  0   1  4   6  0  0  0  0  0/1    13:33   1:39   0:00 
Jordan Staal             0  0  0   0  0   0  1  0  0  0  10/17  12:58   0:00   0:00 
Nate Schmidt             0  0  0  -1  0   0  0  3  0  0  0/0    22:53   1:44   6:49 
Patrik Laine             0  0  0   0  0   1  1  0  0  0  4/12   17:39   0:51   1:33 
Robert Bortuzzo          0  0  0  -1  0   0  3  3  0  0  0/0    12:43   0:00   0:05 
Tanner Pearson           0  0  0  -1  0   0  2  1  0  0  0/0    13:49   1:40   0:00 
Thomas Chabot            0  0  0   0  0   0  2  1  0  0  0/0    24:19   1:40   6:39 
Yakov Trenin             0  0  0   0  2   1  1  0  0  0  0/0     5:26   0:00   0:00 

3 Stars

1 - Cam Talbot (PIT)
2 - Jason Robertson (PIT)
3 - Jonathan Quick (COL)

Power Play

COLORADO Avalanche - 0 on 7 Attempt(s) - 0,00%
PITTSBURGH Penguins - 0 on 2 Attempt(s) - 0,00%

Penalty Kill

COLORADO Avalanche - 2 on 2 Attempt(s) - 100,00% - Score 0 goal in Penalty Kill
PITTSBURGH Penguins - 7 on 7 Attempt(s) - 100,00% - Score 0 goal in Penalty Kill

Team Stat

COLORADO Avalanche - Hits : 23 - Faceoff Wins : 48 - Blocked Shots : 8 - Penalty Minutes : 6
PITTSBURGH Penguins - Hits : 23 - Faceoff Wins : 51 - Blocked Shots : 20 - Penalty Minutes : 16

Official

Referees : Kevin Pollock and Kendrick Nicholson
Linesman : Anna Hammar and Mark Shewchyk

Game Notes

No Game Note

Finance

Level 1 -- Attendance: 4481 (74,68%) -- Ticket Income $448,100
Level 2 -- Attendance: 3811 (76,22%) -- Ticket Income $228,660
Level 3 -- Attendance: 2000 (100,00%) -- Ticket Income $70,000
Level 4 -- Attendance: 3942 (98,55%) -- Ticket Income $78,840
Luxury Box -- Attendance: 793 (79,30%) -- Ticket Income $158,600
Game was played at the Consol Energy Center.
Total Attendance: 15027 (83,48%)
Total Ticket Income: $984,200
Other Income: $246,050
Total Income: $1,230,250

COLORADO Avalanche

5 vs 5 Forward 
   Center                   Left Wing                Right Wing               Time % Phy DF OF 
 1 Trevor Zegras            Jeff Skinner             David Pastrnak           40     1   2  2  
 2 Craig Smith              Jake DeBrusk             Jordan Eberle            30     1   2  2  
 3 Nick Foligno             Jason Zucker             Zach Aston-Reese         20     1   2  2  
 4 Tomas Nosek              Alex Iafallo             Tyler Johnson            10     1   2  2  

5 vs 5 Defense 
   Defense                  Defense                                           Time % Phy DF OF 
 1 Tyson Barrie             Oliver Ekman-Larsson                              40     1   2  2  
 2 Zach Bogosian            Mark Pysyk                                        30     1   2  2  
 3 Jordie Benn              Kris Russell                                      20     1   2  2  
 4 Tyson Barrie             Oliver Ekman-Larsson                              10     1   2  2  

PowerPlay Forward 
   Center                   Left Wing                Right Wing               Time % Phy DF OF 
 1 Trevor Zegras            Jeff Skinner             David Pastrnak           60     1   2  2  
 2 Craig Smith              Jake DeBrusk             Jordan Eberle            40     1   2  2  

PowerPlay Defense
   Defense                  Defense                                           Time % Phy DF OF 
 1 Tyson Barrie             Oliver Ekman-Larsson                              60     1   2  2  
 2 Zach Bogosian            Mark Pysyk                                        40     1   2  2  

Penalty Kill 4 Players Forward 
   Center                   Wing                     Time % Phy DF OF 
 1 David Pastrnak           Jeff Skinner             60     1   2  2  
 2 Jordan Eberle            Jake DeBrusk             40     1   2  2  

Penalty Kill 4 Players Defense
   Defense                  Defense                  Time % Phy DF OF 
 1 Tyson Barrie             Oliver Ekman-Larsson     60     1   2  2  
 2 Zach Bogosian            Mark Pysyk               40     1   2  2  

Penalty Kill - 3 Players Forward 
   Forward                                           Time % Phy DF OF 
 1 David Pastrnak                                    60     1   2  2  
 2 Jeff Skinner                                      40     1   2  2  

Penalty Kill - 3 Players Defense
   Defense                  Defense                  Time % Phy DF OF 
 1 Tyson Barrie             Oliver Ekman-Larsson     60     1   2  2  
 2 Zach Bogosian            Mark Pysyk               40     1   2  2  

4 vs 4 Forward 
   Center                   Wing                     Time % Phy DF OF 
 1 David Pastrnak           Jeff Skinner             60     1   2  2  
 2 Jordan Eberle            Jake DeBrusk             40     1   2  2  

4 vs 4 Defense
   Defense                  Defense                  Time % Phy DF OF 
 1 Tyson Barrie             Oliver Ekman-Larsson     60     1   2  2  
 2 Zach Bogosian            Mark Pysyk               40     1   2  2  

Last Minutes Offensive
   Center                   Left Wing                Right Wing               Defense                  Defense                  
   Trevor Zegras            Jeff Skinner             David Pastrnak           Tyson Barrie             Oliver Ekman-Larsson     

Last Minutes Defensive
   Center                   Left Wing                Right Wing               Defense                  Defense                  
   Trevor Zegras            Jeff Skinner             David Pastrnak           Tyson Barrie             Oliver Ekman-Larsson     

Goaltenders
Starting : Jonathan Quick           
Backup : Magnus Hellberg          

Extra Forwards
Normal : Jason Zucker, Alex Iafallo, Nick Foligno - PP : Jason Zucker, Alex Iafallo - PK : Nick Foligno
Extra Defensemen
Normal : Jordie Benn, Kris Russell, Zach Bogosian - PP : Jordie Benn - PK : Kris Russell, Zach Bogosian
Penalty Shots
David Pastrnak, Jeff Skinner, Jordan Eberle, Jake DeBrusk, Jason Zucker

Scratches
None

PITTSBURGH Penguins

5 vs 5 Forward 
   Center                   Left Wing                Right Wing               Time % Phy DF OF 
 1 Evgeni Malkin            Jason Robertson          Jordan Kyrou             34     1   1  3  
 2 Jordan Staal             Jake Guentzel            Patrik Laine             30     1   1  3  
 3 Barclay Goodrow          Tanner Pearson           Jesse Puljujarvi         24     1   1  3  
 4 Gabriel Vilardi          Alexander Volkov         Yakov Trenin             12     1   3  1  

5 vs 5 Defense 
   Defense                  Defense                                           Time % Phy DF OF 
 1 Thomas Chabot            Brandon Carlo                                     38     1   1  3  
 2 Connor Clifton           Adam Pelech                                       36     1   3  1  
 3 Nate Schmidt             Robert Bortuzzo                                   26     1   4  0  
 4 Thomas Chabot            Adam Pelech                                       0      1   4  0  

PowerPlay Forward 
   Center                   Left Wing                Right Wing               Time % Phy DF OF 
 1 Evgeni Malkin            Jason Robertson          Jake Guentzel            65     0   0  5  
 2 Barclay Goodrow          Jordan Kyrou             Tanner Pearson           35     0   1  4  

PowerPlay Defense
   Defense                  Defense                                           Time % Phy DF OF 
 1 Patrik Laine             Thomas Chabot                                     65     0   0  5  
 2 Adam Pelech              Nate Schmidt                                      35     0   1  4  

Penalty Kill 4 Players Forward 
   Center                   Wing                     Time % Phy DF OF 
 1 Evgeni Malkin            Jason Robertson          60     1   4  0  
 2 Barclay Goodrow          Jake Guentzel            40     0   5  0  

Penalty Kill 4 Players Defense
   Defense                  Defense                  Time % Phy DF OF 
 1 Nate Schmidt             Thomas Chabot            60     1   4  0  
 2 Brandon Carlo            Adam Pelech              40     1   4  0  

Penalty Kill - 3 Players Forward 
   Forward                                           Time % Phy DF OF 
 1 Jason Robertson                                   50     0   5  0  
 2 Barclay Goodrow                                   50     0   5  0  

Penalty Kill - 3 Players Defense
   Defense                  Defense                  Time % Phy DF OF 
 1 Thomas Chabot            Nate Schmidt             70     1   4  0  
 2 Brandon Carlo            Adam Pelech              30     1   4  0  

4 vs 4 Forward 
   Center                   Wing                     Time % Phy DF OF 
 1 Patrik Laine             Jason Robertson          60     0   2  3  
 2 Evgeni Malkin            Jake Guentzel            40     0   2  3  

4 vs 4 Defense
   Defense                  Defense                  Time % Phy DF OF 
 1 Thomas Chabot            Adam Pelech              58     1   2  2  
 2 Nate Schmidt             Connor Clifton           42     1   2  2  

Last Minutes Offensive
   Center                   Left Wing                Right Wing               Defense                  Defense                  
   Jordan Kyrou             Evgeni Malkin            Jason Robertson          Nate Schmidt             Thomas Chabot            

Last Minutes Defensive
   Center                   Left Wing                Right Wing               Defense                  Defense                  
   Jordan Kyrou             Barclay Goodrow          Yakov Trenin             Adam Pelech              Brandon Carlo            

Goaltenders
Starting : Cam Talbot               
Backup : Elvis Merzlikins         

Extra Forwards
Normal : Patrik Laine, Evgeni Malkin, Barclay Goodrow - PP : Patrik Laine, Evgeni Malkin - PK : Patrik Laine
Extra Defensemen
Normal : Nate Schmidt, Adam Pelech, Thomas Chabot - PP : Nate Schmidt - PK : Nate Schmidt, Adam Pelech
Penalty Shots
Jason Robertson, Evgeni Malkin, Jake Guentzel, Barclay Goodrow, Patrik Laine

Scratches
None


% Time on Ice - COLORADO Avalanche

Lines # - Real PCT - Wanted PCT - Time Play
Normal Forward
1 - 35% - 40% - 14:12
2 - 32% - 30% - 12:54
3 - 23% - 20% - 9:25
4 - 10% - 10% - 3:56
Normal Defense
1 - 37% - 40% - 14:48
2 - 33% - 30% - 13:28
3 - 30% - 20% - 11:56
4 - 1% - 10% - 0:15
PP Forward
1 - 46% - 60% - 6:19
2 - 54% - 40% - 7:17
PP Defense
1 - 51% - 60% - 6:59
2 - 49% - 40% - 6:37
PK Forward
1 - 62% - 60% - 2:17
2 - 38% - 40% - 1:23
PK Defense
1 - 52% - 60% - 1:55
2 - 48% - 40% - 1:45
PK3 Forward
1 - 0% - 60%
2 - 0% - 40%
PK3 Defense
1 - 0% - 60%
2 - 0% - 40%
44 Forward
1 - 81% - 60% - 1:51
2 - 19% - 40% - 0:26
44 Defense
1 - 53% - 60% - 1:13
2 - 47% - 40% - 1:04
Last Minute Offensive  - 0:00
Last Minute Defensive  - 0:00
Total
Forward - 60:00
Defense - 60:00

% Time on Ice - PITTSBURGH Penguins

Lines # - Real PCT - Wanted PCT - Time Play
Normal Forward
1 - 29% - 34% - 11:54
2 - 32% - 30% - 12:58
3 - 25% - 24% - 10:08
4 - 13% - 12% - 5:27
Normal Defense
1 - 34% - 38% - 13:38
2 - 33% - 36% - 13:10
3 - 31% - 26% - 12:38
4 - 3% - 0% - 1:01
PP Forward
1 - 55% - 65% - 2:00
2 - 45% - 35% - 1:40
PP Defense
1 - 45% - 65% - 1:40
2 - 55% - 35% - 2:00
PK Forward
1 - 72% - 60% - 9:47
2 - 28% - 40% - 3:49
PK Defense
1 - 50% - 60% - 6:44
2 - 50% - 40% - 6:52
PK3 Forward
1 - 0% - 50%
2 - 0% - 50%
PK3 Defense
1 - 0% - 70%
2 - 0% - 30%
44 Forward
1 - 100% - 60% - 2:17
2 - 0% - 40% - 0:00
44 Defense
1 - 59% - 58% - 1:21
2 - 41% - 42% - 0:56
Last Minute Offensive  - 0:00
Last Minute Defensive  - 0:00
Total
Forward - 60:00
Defense - 60:00

Play-by-Play

1st period


0:01 of 1st period - Jeff Skinner wins face-off versus Evgeni Malkin in neutral zone.
0:09 of 1st period - Shot by Jeff Skinner.
0:09 of 1st period - Stopped by Cam Talbot without a rebound.
0:10 of 1st period - Craig Smith wins face-off versus Jordan Staal in PITTSBURGH Penguins zone.
0:19 of 1st period - Shot by Jake DeBrusk.
0:19 of 1st period - Stopped by Cam Talbot without a rebound.
0:20 of 1st period - Barclay Goodrow wins face-off versus Nick Foligno in PITTSBURGH Penguins zone.
0:25 of 1st period - Shot by Jesse Puljujarvi.
0:25 of 1st period - Shot Misses the Net.
1:38 of 1st period - David Pastrnak is hit by Brandon Carlo.
1:48 of 1st period - Shot by David Pastrnak.
1:48 of 1st period - Shot Blocked by Thomas Chabot.
1:55 of 1st period - David Pastrnak is hit by Brandon Carlo and loses puck.
2:22 of 1st period - Jake DeBrusk is hit by Brandon Carlo and loses puck.
2:27 of 1st period - Shot by Craig Smith.
2:27 of 1st period - Stopped by Cam Talbot without a rebound.
2:28 of 1st period - Tomas Nosek wins face-off versus Jake Guentzel in PITTSBURGH Penguins zone.
2:30 of 1st period - Tyler Johnson is hit by Connor Clifton and loses puck.
2:33 of 1st period - Shot by Tomas Nosek.
2:33 of 1st period - Stopped by Cam Talbot with a rebound.
2:35 of 1st period - Shot by Tyler Johnson.
2:35 of 1st period - Stopped by Cam Talbot without a rebound.
2:36 of 1st period - Patrik Laine wins face-off versus Tomas Nosek in PITTSBURGH Penguins zone.
2:41 of 1st period - Shot by Jake Guentzel.
2:41 of 1st period - Stopped by Jonathan Quick without a rebound.
2:42 of 1st period - Jordan Staal wins face-off versus Craig Smith in COLORADO Avalanche zone.
2:48 of 1st period - Jake DeBrusk is hit by Adam Pelech and loses puck.
2:56 of 1st period - Minor Penalty to Connor Clifton for High sticking.
2:57 of 1st period - Jason Robertson wins face-off versus Trevor Zegras in PITTSBURGH Penguins zone.
3:26 of 1st period - Shot by Jeff Skinner.
3:26 of 1st period - Shot Misses the Net.
3:28 of 1st period - Shot by David Pastrnak.
3:28 of 1st period - Shot Misses the Net.
3:30 of 1st period - Shot by Jeff Skinner.
3:30 of 1st period - Stopped by Cam Talbot without a rebound.
3:31 of 1st period - Barclay Goodrow wins face-off versus Craig Smith in PITTSBURGH Penguins zone.
3:31 of 1st period - Barclay Goodrow is hit by Craig Smith.
3:49 of 1st period - Shot by Jordan Eberle.
3:49 of 1st period - Shot Misses the Net.
3:51 of 1st period - Shot by Jake DeBrusk.
3:51 of 1st period - Shot Misses the Net.
3:53 of 1st period - Shot by Oliver Ekman-Larsson.
3:53 of 1st period - Shot Blocked by Nate Schmidt.
4:24 of 1st period - Icing by Oliver Ekman-Larsson.
4:25 of 1st period - Evgeni Malkin wins face-off versus Craig Smith in COLORADO Avalanche zone.
4:59 of 1st period - Shot by Tomas Nosek.
4:59 of 1st period - Deflect By Alex Iafallo.
4:59 of 1st period - Stopped by Cam Talbot without a rebound.
5:00 of 1st period - Gabriel Vilardi wins face-off versus Tomas Nosek in PITTSBURGH Penguins zone.
5:23 of 1st period - Shot by Gabriel Vilardi.
5:23 of 1st period - Deflect By Yakov Trenin.
5:23 of 1st period - Stopped by Jonathan Quick without a rebound.
5:24 of 1st period - Jordan Staal wins face-off versus Trevor Zegras in COLORADO Avalanche zone.
6:03 of 1st period - Shot by Thomas Chabot.
6:03 of 1st period - Shot Misses the Net.
6:25 of 1st period - Shot by Jason Robertson.
6:25 of 1st period - Goal by Jason Robertson - COLORADO Avalanche : 0 - PITTSBURGH Penguins : 1.
6:26 of 1st period - Barclay Goodrow wins face-off versus Craig Smith in neutral zone.
6:26 of 1st period - Barclay Goodrow is hit by Jake DeBrusk.
6:31 of 1st period - Off-side.
6:32 of 1st period - Evgeni Malkin wins face-off versus Craig Smith in neutral zone.
6:41 of 1st period - Shot by Jordan Kyrou.
6:41 of 1st period - Stopped by Jonathan Quick with a rebound.
8:01 of 1st period - Shot by Jake Guentzel.
8:01 of 1st period - Stopped by Jonathan Quick without a rebound.
8:02 of 1st period - Barclay Goodrow wins face-off versus Jeff Skinner in COLORADO Avalanche zone.
8:15 of 1st period - Shot by Trevor Zegras.
8:15 of 1st period - Shot Blocked by Tanner Pearson.
8:17 of 1st period - Shot by David Pastrnak.
8:17 of 1st period - Shot Blocked by Robert Bortuzzo.
8:19 of 1st period - Shot by Jeff Skinner.
8:19 of 1st period - Shot Misses the Net.
8:37 of 1st period - Shot by David Pastrnak.
8:37 of 1st period - Shot Misses the Net.
9:12 of 1st period - Shot by Jason Zucker.
9:12 of 1st period - Shot Misses the Net.
9:26 of 1st period - Shot by Jason Zucker.
9:26 of 1st period - Shot Blocked by Robert Bortuzzo.
9:28 of 1st period - Shot by Jordie Benn.
9:28 of 1st period - Stopped by Cam Talbot with a rebound.
9:58 of 1st period - Shot by Tomas Nosek.
9:58 of 1st period - Goal by Tomas Nosek - COLORADO Avalanche : 1 - PITTSBURGH Penguins : 1.
9:59 of 1st period - Evgeni Malkin wins face-off versus Craig Smith in neutral zone.
10:26 of 1st period - Shot by Jordan Eberle.
10:26 of 1st period - Shot Blocked by Adam Pelech.
10:28 of 1st period - Shot by Mark Pysyk.
10:28 of 1st period - Shot Misses the Net.
10:30 of 1st period - Shot by Jake DeBrusk.
10:30 of 1st period - Shot Misses the Net.
10:32 of 1st period - Shot by Jordan Eberle.
10:32 of 1st period - Shot Misses the Net.
10:34 of 1st period - Shot by Jake DeBrusk.
10:34 of 1st period - Stopped by Cam Talbot without a rebound.
10:35 of 1st period - Trevor Zegras wins face-off versus Jordan Staal in PITTSBURGH Penguins zone.
10:53 of 1st period - Icing by Oliver Ekman-Larsson.
10:54 of 1st period - Gabriel Vilardi wins face-off versus Trevor Zegras in COLORADO Avalanche zone.
11:22 of 1st period - Trevor Zegras is hit by Connor Clifton and loses puck.
11:47 of 1st period - Shot by Craig Smith.
11:47 of 1st period - Shot Blocked by Alexander Volkov.
11:49 of 1st period - Shot by Jordie Benn.
11:49 of 1st period - Stopped by Cam Talbot without a rebound.
11:50 of 1st period - Evgeni Malkin wins face-off versus Nick Foligno in PITTSBURGH Penguins zone.
12:26 of 1st period - Shot by Jordan Kyrou.
12:26 of 1st period - Stopped by Jonathan Quick without a rebound.
12:27 of 1st period - Craig Smith wins face-off versus Patrik Laine in COLORADO Avalanche zone.
12:36 of 1st period - Jordan Staal is hit by Craig Smith and loses puck.
12:53 of 1st period - Shot by Jordan Eberle.
12:53 of 1st period - Shot Blocked by Robert Bortuzzo.
12:58 of 1st period - Jake DeBrusk is hit by Robert Bortuzzo and loses puck.
13:03 of 1st period - Shot by Jordan Eberle.
13:03 of 1st period - Shot Misses the Net.
13:05 of 1st period - Shot by Jordie Benn.
13:05 of 1st period - Shot Misses the Net.
13:07 of 1st period - Shot by Craig Smith.
13:07 of 1st period - Stopped by Cam Talbot with a rebound.
13:35 of 1st period - Shot by David Pastrnak.
13:35 of 1st period - Shot Misses the Net.
13:45 of 1st period - Shot by Jeff Skinner.
13:45 of 1st period - Shot Misses the Net.
13:49 of 1st period - Shot by Jeff Skinner.
13:49 of 1st period - Shot Misses the Net.
14:00 of 1st period - Minor Penalty to Tomas Nosek for Delaying the game.
14:01 of 1st period - Barclay Goodrow wins face-off versus David Pastrnak in COLORADO Avalanche zone.
14:29 of 1st period - Shot by Barclay Goodrow.
14:29 of 1st period - Shot Misses the Net.
14:33 of 1st period - Shot by Jordan Kyrou.
14:33 of 1st period - Shot Misses the Net.
14:35 of 1st period - Shot by Jordan Kyrou.
14:35 of 1st period - Shot Misses the Net.
15:05 of 1st period - Shot by Jason Robertson.
15:05 of 1st period - Stopped by Jonathan Quick without a rebound.
15:06 of 1st period - Evgeni Malkin wins face-off versus Jordan Eberle in COLORADO Avalanche zone.
15:07 of 1st period - Shot by Jason Robertson.
15:07 of 1st period - Stopped by Jonathan Quick with a rebound.
15:09 of 1st period - Shot by Adam Pelech.
15:09 of 1st period - Stopped by Jonathan Quick without a rebound.
15:10 of 1st period - Jordan Eberle wins face-off versus Evgeni Malkin in COLORADO Avalanche zone.
16:04 of 1st period - Gabriel Vilardi is hit by Jordie Benn and loses puck.
16:33 of 1st period - Gabriel Vilardi is hit by Jordie Benn and loses puck.
16:39 of 1st period - Yakov Trenin is hit by Kris Russell and loses puck.
16:49 of 1st period - Alex Iafallo is hit by Connor Clifton and loses puck.
17:08 of 1st period - Shot by Nick Foligno.
17:08 of 1st period - Shot Misses the Net.
17:10 of 1st period - Shot by Jason Zucker.
17:10 of 1st period - Stopped by Cam Talbot without a rebound.
17:11 of 1st period - Trevor Zegras wins face-off versus Evgeni Malkin in PITTSBURGH Penguins zone.
17:11 of 1st period - Tyson Barrie is hit by Robert Bortuzzo and loses puck.
17:26 of 1st period - Shot by David Pastrnak.
17:26 of 1st period - Stopped by Cam Talbot without a rebound.
17:27 of 1st period - Barclay Goodrow wins face-off versus Craig Smith in PITTSBURGH Penguins zone.
18:44 of 1st period - Shot by Brandon Carlo.
18:44 of 1st period - Shot Blocked by Tyson Barrie.
18:48 of 1st period - Shot by Jason Robertson.
18:48 of 1st period - Shot Misses the Net.
18:50 of 1st period - Shot by Jordan Kyrou.
18:50 of 1st period - Stopped by Jonathan Quick with a rebound.
18:52 of 1st period - Shot by Jason Robertson.
18:52 of 1st period - Shot Misses the Net.
19:15 of 1st period - Off-side.
19:16 of 1st period - Nick Foligno wins face-off versus Jordan Staal in neutral zone.
19:30 of 1st period - Shot by Jake Guentzel.
19:30 of 1st period - Shot Blocked by Jordie Benn.
19:47 of 1st period - Icing by Jordie Benn.
19:48 of 1st period - Barclay Goodrow wins face-off versus Nick Foligno in COLORADO Avalanche zone.
19:50 of 1st period - Minor Penalty to Barclay Goodrow for Slashing.
19:50 of 1st period - Minor Penalty to Jordie Benn for Roughing.
19:51 of 1st period - David Pastrnak wins face-off versus Patrik Laine in COLORADO Avalanche zone.
Goals for this period are 1 for COLORADO Avalanche vs 1 for PITTSBURGH Penguins.
Shots for this period are 14 for COLORADO Avalanche vs 10 for PITTSBURGH Penguins.

2nd period


0:01 of 2nd period - David Pastrnak wins face-off versus Patrik Laine in neutral zone.
0:09 of 2nd period - Shot by Jeff Skinner.
0:09 of 2nd period - Shot Misses the Net.
0:11 of 2nd period - Shot by Jeff Skinner.
0:11 of 2nd period - Shot Misses the Net.
0:13 of 2nd period - Shot by Tyson Barrie.
0:13 of 2nd period - Stopped by Cam Talbot without a rebound.
0:14 of 2nd period - David Pastrnak wins face-off versus Patrik Laine in PITTSBURGH Penguins zone.
0:19 of 2nd period - Shot by Mark Pysyk.
0:19 of 2nd period - Shot Blocked by Nate Schmidt.
0:23 of 2nd period - Shot by David Pastrnak.
0:23 of 2nd period - Stopped by Cam Talbot without a rebound.
0:24 of 2nd period - Patrik Laine wins face-off versus David Pastrnak in PITTSBURGH Penguins zone.
0:39 of 2nd period - Shot by Jason Robertson.
0:39 of 2nd period - Stopped by Jonathan Quick without a rebound.
0:40 of 2nd period - Patrik Laine wins face-off versus David Pastrnak in COLORADO Avalanche zone.
1:07 of 2nd period - Shot by Jeff Skinner.
1:07 of 2nd period - Stopped by Cam Talbot without a rebound.
1:08 of 2nd period - David Pastrnak wins face-off versus Patrik Laine in PITTSBURGH Penguins zone.
1:54 of 2nd period - Shot by Nick Foligno.
1:54 of 2nd period - Stopped by Cam Talbot without a rebound.
1:55 of 2nd period - Craig Smith wins face-off versus Barclay Goodrow in PITTSBURGH Penguins zone.
1:55 of 2nd period - Craig Smith is hit by Robert Bortuzzo.
1:57 of 2nd period - Shot by Jordan Eberle.
1:57 of 2nd period - Shot Misses the Net.
2:02 of 2nd period - Barclay Goodrow is hit by Zach Bogosian.
2:28 of 2nd period - Icing by Jesse Puljujarvi.
2:29 of 2nd period - Barclay Goodrow wins face-off versus Nick Foligno in PITTSBURGH Penguins zone.
2:36 of 2nd period - Barclay Goodrow is hit by Nick Foligno and loses puck.
3:07 of 2nd period - Shot by Tyson Barrie.
3:07 of 2nd period - Shot Misses the Net.
3:14 of 2nd period - Off-side.
3:15 of 2nd period - Evgeni Malkin wins face-off versus Trevor Zegras in neutral zone.
3:30 of 2nd period - Adam Pelech is hit by Trevor Zegras.
3:37 of 2nd period - Icing by Evgeni Malkin.
3:38 of 2nd period - Evgeni Malkin wins face-off versus Craig Smith in PITTSBURGH Penguins zone.
3:48 of 2nd period - Shot by Jake DeBrusk.
3:48 of 2nd period - Shot Blocked by Adam Pelech.
4:06 of 2nd period - Shot by Jordan Kyrou.
4:06 of 2nd period - Stopped by Jonathan Quick without a rebound.
4:07 of 2nd period - Jordan Staal wins face-off versus Trevor Zegras in COLORADO Avalanche zone.
4:07 of 2nd period - Brandon Carlo is hit by Oliver Ekman-Larsson and loses puck.
4:11 of 2nd period - Icing by Tyson Barrie.
4:12 of 2nd period - Trevor Zegras wins face-off versus Jordan Staal in COLORADO Avalanche zone.
4:20 of 2nd period - Patrik Laine is hit by Tyson Barrie and loses puck.
4:49 of 2nd period - Shot by Patrik Laine.
4:49 of 2nd period - Shot Misses the Net.
5:12 of 2nd period - Minor Penalty to Evgeni Malkin for Hooking.
5:13 of 2nd period - Barclay Goodrow wins face-off versus Craig Smith in PITTSBURGH Penguins zone.
5:26 of 2nd period - Shot by Jordan Eberle.
5:26 of 2nd period - Shot Misses the Net.
5:28 of 2nd period - Shot by Zach Bogosian.
5:28 of 2nd period - Shot Misses the Net.
5:30 of 2nd period - Shot by Jake DeBrusk.
5:30 of 2nd period - Deflect By Craig Smith.
5:30 of 2nd period - Shot Misses the Net.
5:32 of 2nd period - Shot by Mark Pysyk.
5:32 of 2nd period - Stopped by Cam Talbot with a rebound.
5:34 of 2nd period - Shot by Craig Smith.
5:34 of 2nd period - Shot Misses the Net.
5:36 of 2nd period - Shot by Jordan Eberle.
5:36 of 2nd period - Deflect By Jake DeBrusk.
5:36 of 2nd period - Shot Misses the Net.
5:38 of 2nd period - Shot by Craig Smith.
5:38 of 2nd period - Stopped by Cam Talbot with a rebound.
5:40 of 2nd period - Shot by Mark Pysyk.
5:40 of 2nd period - Shot Misses the Net.
5:42 of 2nd period - Shot by Zach Bogosian.
5:42 of 2nd period - Stopped by Cam Talbot with a rebound.
5:44 of 2nd period - Shot by Craig Smith.
5:44 of 2nd period - Stopped by Cam Talbot without a rebound.
5:45 of 2nd period - Trevor Zegras wins face-off versus Patrik Laine in PITTSBURGH Penguins zone.
6:00 of 2nd period - Shot by Oliver Ekman-Larsson.
6:00 of 2nd period - Shot Blocked by Adam Pelech.
6:02 of 2nd period - Shot by David Pastrnak.
6:02 of 2nd period - Shot Misses the Net.
6:04 of 2nd period - Shot by Trevor Zegras.
6:04 of 2nd period - Shot Blocked by Adam Pelech.
6:06 of 2nd period - Shot by Jeff Skinner.
6:06 of 2nd period - Shot Misses the Net.
6:08 of 2nd period - Shot by Trevor Zegras.
6:08 of 2nd period - Shot Misses the Net.
7:07 of 2nd period - Shot by Trevor Zegras.
7:07 of 2nd period - Deflect By David Pastrnak.
7:07 of 2nd period - Stopped by Cam Talbot without a rebound.
7:08 of 2nd period - Patrik Laine wins face-off versus Craig Smith in PITTSBURGH Penguins zone.
7:08 of 2nd period - Patrik Laine is hit by Craig Smith.
7:23 of 2nd period - Patrik Laine is hit by Kris Russell.
7:30 of 2nd period - Minor Penalty to Zach Aston-Reese for Interference.
7:31 of 2nd period - Evgeni Malkin wins face-off versus David Pastrnak in COLORADO Avalanche zone.
8:29 of 2nd period - Shot by Patrik Laine.
8:29 of 2nd period - Shot Blocked by Tyson Barrie.
8:31 of 2nd period - Shot by Jordan Kyrou.
8:31 of 2nd period - Stopped by Jonathan Quick without a rebound.
8:32 of 2nd period - Barclay Goodrow wins face-off versus David Pastrnak in COLORADO Avalanche zone.
8:37 of 2nd period - Shot by Tanner Pearson.
8:37 of 2nd period - Deflect By Jordan Kyrou.
8:37 of 2nd period - Shot Misses the Net.
8:39 of 2nd period - Shot by Tanner Pearson.
8:39 of 2nd period - Shot Blocked by Oliver Ekman-Larsson.
8:41 of 2nd period - Shot by Tanner Pearson.
8:41 of 2nd period - Shot Misses the Net.
8:43 of 2nd period - Shot by Barclay Goodrow.
8:43 of 2nd period - Stopped by Jonathan Quick without a rebound.
8:44 of 2nd period - Jordan Eberle wins face-off versus Evgeni Malkin in COLORADO Avalanche zone.
9:09 of 2nd period - Shot by Adam Pelech.
9:09 of 2nd period - Stopped by Jonathan Quick without a rebound.
9:10 of 2nd period - Jordan Eberle wins face-off versus Jordan Kyrou in COLORADO Avalanche zone.
9:10 of 2nd period - Jordan Eberle is hit by Tanner Pearson.
9:11 of 2nd period - Double Minor Penalty to Jordan Kyrou for Roughing.
9:12 of 2nd period - Jordan Eberle wins face-off versus Patrik Laine in PITTSBURGH Penguins zone.
9:46 of 2nd period - Tyson Barrie is hit by Jake Guentzel and loses puck.
10:04 of 2nd period - Jake DeBrusk is hit by Thomas Chabot and loses puck.
10:16 of 2nd period - Icing by Jeff Skinner.
10:17 of 2nd period - Trevor Zegras wins face-off versus Evgeni Malkin in COLORADO Avalanche zone.
10:17 of 2nd period - Trevor Zegras is hit by Jason Robertson.
10:20 of 2nd period - Icing by David Pastrnak.
10:21 of 2nd period - Trevor Zegras wins face-off versus Jason Robertson in COLORADO Avalanche zone.
11:33 of 2nd period - Shot by Jake DeBrusk.
11:33 of 2nd period - Shot Misses the Net.
11:37 of 2nd period - Shot by Jordan Eberle.
11:37 of 2nd period - Shot Misses the Net.
11:39 of 2nd period - Shot by Jordan Eberle.
11:39 of 2nd period - Shot Misses the Net.
12:35 of 2nd period - Shot by Jeff Skinner.
12:35 of 2nd period - Shot Misses the Net.
13:13 of 2nd period - Shot by Jason Zucker.
13:13 of 2nd period - Shot Hit the Post.
13:22 of 2nd period - Shot by Kris Russell.
13:22 of 2nd period - Shot Misses the Net.
13:26 of 2nd period - Shot by Tyler Johnson.
13:26 of 2nd period - Shot Hit the Post.
13:28 of 2nd period - Shot by Alex Iafallo.
13:28 of 2nd period - Deflect By Tyler Johnson.
13:28 of 2nd period - Stopped by Cam Talbot with a rebound.
13:30 of 2nd period - Shot by Tomas Nosek.
13:30 of 2nd period - Shot Misses the Net.
13:51 of 2nd period - Icing by Connor Clifton.
13:52 of 2nd period - Nick Foligno wins face-off versus Gabriel Vilardi in PITTSBURGH Penguins zone.
14:25 of 2nd period - Shot by Jason Zucker.
14:25 of 2nd period - Stopped by Cam Talbot with a rebound.
14:39 of 2nd period - Shot by Patrik Laine.
14:39 of 2nd period - Stopped by Jonathan Quick without a rebound.
14:40 of 2nd period - Evgeni Malkin wins face-off versus Trevor Zegras in COLORADO Avalanche zone.
14:40 of 2nd period - Jason Robertson is hit by Zach Bogosian and loses puck.
14:50 of 2nd period - Icing by Zach Bogosian.
14:51 of 2nd period - Trevor Zegras wins face-off versus Jordan Staal in COLORADO Avalanche zone.
15:35 of 2nd period - Brandon Carlo is hit by Jeff Skinner and loses puck.
15:46 of 2nd period - Shot by Jake DeBrusk.
15:46 of 2nd period - Stopped by Cam Talbot with a rebound.
15:56 of 2nd period - Shot by Jordan Eberle.
15:56 of 2nd period - Stopped by Cam Talbot with a rebound.
15:58 of 2nd period - Shot by Kris Russell.
15:58 of 2nd period - Shot Blocked by Brandon Carlo.
16:00 of 2nd period - Shot by Kris Russell.
16:00 of 2nd period - Stopped by Cam Talbot with a rebound.
16:02 of 2nd period - Shot by Jordan Eberle.
16:02 of 2nd period - Deflect By Jake DeBrusk.
16:02 of 2nd period - Stopped by Cam Talbot without a rebound.
16:03 of 2nd period - Jason Zucker wins face-off versus Evgeni Malkin in PITTSBURGH Penguins zone.
16:26 of 2nd period - Shot by Jordan Kyrou.
16:26 of 2nd period - Stopped by Jonathan Quick without a rebound.
16:27 of 2nd period - Craig Smith wins face-off versus Barclay Goodrow in COLORADO Avalanche zone.
16:35 of 2nd period - Minor Penalty to Barclay Goodrow for Interference.
16:36 of 2nd period - Evgeni Malkin wins face-off versus Trevor Zegras in PITTSBURGH Penguins zone.
16:36 of 2nd period - Evgeni Malkin is hit by Trevor Zegras.
16:48 of 2nd period - Shot by Tyson Barrie.
16:48 of 2nd period - Shot Blocked by Jason Robertson.
16:50 of 2nd period - Shot by David Pastrnak.
16:50 of 2nd period - Deflect By Trevor Zegras.
16:50 of 2nd period - Stopped by Cam Talbot without a rebound.
16:51 of 2nd period - Evgeni Malkin wins face-off versus Craig Smith in PITTSBURGH Penguins zone.
17:14 of 2nd period - Shot by Jake DeBrusk.
17:14 of 2nd period - Deflect By Craig Smith.
17:14 of 2nd period - Stopped by Cam Talbot without a rebound.
17:15 of 2nd period - Evgeni Malkin wins face-off versus Trevor Zegras in PITTSBURGH Penguins zone.
17:58 of 2nd period - Shot by Tyson Barrie.
17:58 of 2nd period - Stopped by Cam Talbot without a rebound.
17:59 of 2nd period - Evgeni Malkin wins face-off versus Jordan Eberle in PITTSBURGH Penguins zone.
18:05 of 2nd period - Icing by Mark Pysyk.
18:06 of 2nd period - Evgeni Malkin wins face-off versus Jordan Eberle in COLORADO Avalanche zone.
18:15 of 2nd period - Shot by Craig Smith.
18:15 of 2nd period - Stopped by Cam Talbot without a rebound.
18:16 of 2nd period - Craig Smith wins face-off versus Evgeni Malkin in PITTSBURGH Penguins zone.
18:38 of 2nd period - Shot by Jordan Eberle.
18:38 of 2nd period - Shot Misses the Net.
18:59 of 2nd period - Shot by Jake Guentzel.
18:59 of 2nd period - Stopped by Jonathan Quick without a rebound.
19:00 of 2nd period - Craig Smith wins face-off versus Barclay Goodrow in COLORADO Avalanche zone.
19:20 of 2nd period - Barclay Goodrow is hit by Craig Smith and loses puck.
19:26 of 2nd period - Off-side.
19:27 of 2nd period - Jeff Skinner wins face-off versus Evgeni Malkin in neutral zone.
19:43 of 2nd period - Off-side.
19:44 of 2nd period - Jordan Staal wins face-off versus Craig Smith in neutral zone.
Goals for this period are 0 for COLORADO Avalanche vs 0 for PITTSBURGH Penguins.
Shots for this period are 19 for COLORADO Avalanche vs 8 for PITTSBURGH Penguins.

3rd period


0:01 of 3rd period - Evgeni Malkin wins face-off versus Trevor Zegras in neutral zone.
0:17 of 3rd period - Shot by Trevor Zegras.
0:17 of 3rd period - Stopped by Cam Talbot without a rebound.
0:18 of 3rd period - Craig Smith wins face-off versus Jordan Staal in PITTSBURGH Penguins zone.
0:25 of 3rd period - Shot by Jordan Eberle.
0:25 of 3rd period - Shot Misses the Net.
0:33 of 3rd period - Zach Bogosian is hit by Jordan Staal and loses puck.
0:51 of 3rd period - Icing by Zach Bogosian.
0:52 of 3rd period - Craig Smith wins face-off versus Evgeni Malkin in COLORADO Avalanche zone.
1:20 of 3rd period - Shot by Thomas Chabot.
1:20 of 3rd period - Shot Misses the Net.
1:23 of 3rd period - Icing by Zach Bogosian.
1:24 of 3rd period - Craig Smith wins face-off versus Jordan Staal in COLORADO Avalanche zone.
1:24 of 3rd period - Craig Smith is hit by Patrik Laine.
1:37 of 3rd period - Icing by Connor Clifton.
1:38 of 3rd period - Trevor Zegras wins face-off versus Patrik Laine in PITTSBURGH Penguins zone.
1:46 of 3rd period - David Pastrnak is hit by Adam Pelech and loses puck.
1:50 of 3rd period - Icing by Adam Pelech.
1:51 of 3rd period - Jordan Staal wins face-off versus Nick Foligno in PITTSBURGH Penguins zone.
2:14 of 3rd period - Shot by Jake Guentzel.
2:14 of 3rd period - Stopped by Jonathan Quick without a rebound.
2:15 of 3rd period - Evgeni Malkin wins face-off versus Trevor Zegras in COLORADO Avalanche zone.
2:21 of 3rd period - Icing by Tyson Barrie.
2:22 of 3rd period - Trevor Zegras wins face-off versus Evgeni Malkin in COLORADO Avalanche zone.
2:49 of 3rd period - Shot by Jason Robertson.
2:49 of 3rd period - Shot Blocked by Jeff Skinner.
3:00 of 3rd period - Shot by Jeff Skinner.
3:00 of 3rd period - Stopped by Cam Talbot without a rebound.
3:01 of 3rd period - Craig Smith wins face-off versus Barclay Goodrow in PITTSBURGH Penguins zone.
3:08 of 3rd period - Shot by Jake DeBrusk.
3:08 of 3rd period - Stopped by Cam Talbot without a rebound.
3:09 of 3rd period - Barclay Goodrow wins face-off versus Craig Smith in PITTSBURGH Penguins zone.
3:19 of 3rd period - Minor Penalty to Adam Pelech for High sticking.
3:20 of 3rd period - Evgeni Malkin wins face-off versus Trevor Zegras in PITTSBURGH Penguins zone.
3:45 of 3rd period - Shot by David Pastrnak.
3:45 of 3rd period - Shot Blocked by Brandon Carlo.
4:01 of 3rd period - Shot by Tyson Barrie.
4:01 of 3rd period - Stopped by Cam Talbot without a rebound.
4:02 of 3rd period - Craig Smith wins face-off versus Barclay Goodrow in PITTSBURGH Penguins zone.
4:19 of 3rd period - Jake DeBrusk is hit by Thomas Chabot and loses puck.
5:07 of 3rd period - David Pastrnak is hit by Brandon Carlo and loses puck.
5:21 of 3rd period - Off-side.
5:22 of 3rd period - Zach Aston-Reese wins face-off versus Gabriel Vilardi in neutral zone.
6:19 of 3rd period - Icing by Robert Bortuzzo.
6:20 of 3rd period - Trevor Zegras wins face-off versus Barclay Goodrow in PITTSBURGH Penguins zone.
6:57 of 3rd period - Jesse Puljujarvi is hit by David Pastrnak and loses puck.
7:03 of 3rd period - Icing by Robert Bortuzzo.
7:04 of 3rd period - Barclay Goodrow wins face-off versus Craig Smith in PITTSBURGH Penguins zone.
7:31 of 3rd period - Shot by Evgeni Malkin.
7:31 of 3rd period - Shot Misses the Net.
7:35 of 3rd period - Shot by Jason Robertson.
7:35 of 3rd period - Stopped by Jonathan Quick without a rebound.
7:36 of 3rd period - Jordan Staal wins face-off versus Nick Foligno in COLORADO Avalanche zone.
8:48 of 3rd period - Shot by Jason Robertson.
8:48 of 3rd period - Deflect By Jordan Kyrou.
8:48 of 3rd period - Shot Misses the Net.
9:08 of 3rd period - Shot by Jason Robertson.
9:08 of 3rd period - Deflect By Jordan Kyrou.
9:08 of 3rd period - Shot Misses the Net.
10:04 of 3rd period - Jake DeBrusk is hit by Jesse Puljujarvi and loses puck.
10:17 of 3rd period - Shot by Jesse Puljujarvi.
10:17 of 3rd period - Shot Blocked by Zach Bogosian.
10:19 of 3rd period - Shot by Barclay Goodrow.
10:19 of 3rd period - Stopped by Jonathan Quick without a rebound.
10:20 of 3rd period - Jordan Staal wins face-off versus Tomas Nosek in COLORADO Avalanche zone.
10:32 of 3rd period - Shot by Brandon Carlo.
10:32 of 3rd period - Stopped by Jonathan Quick without a rebound.
10:33 of 3rd period - Trevor Zegras wins face-off versus Gabriel Vilardi in COLORADO Avalanche zone.
10:52 of 3rd period - Shot by Gabriel Vilardi.
10:52 of 3rd period - Deflect By Yakov Trenin.
10:52 of 3rd period - Shot Blocked by Oliver Ekman-Larsson.
11:36 of 3rd period - Adam Pelech is hit by Tyler Johnson and loses puck.
11:58 of 3rd period - Shot by Jordan Kyrou.
11:58 of 3rd period - Shot Misses the Net.
12:00 of 3rd period - Shot by Jason Robertson.
12:00 of 3rd period - Stopped by Jonathan Quick without a rebound.
12:01 of 3rd period - Jordan Staal wins face-off versus Craig Smith in COLORADO Avalanche zone.
12:28 of 3rd period - Shot by Jordan Eberle.
12:28 of 3rd period - Shot Blocked by Nate Schmidt.
13:18 of 3rd period - Shot by Evgeni Malkin.
13:18 of 3rd period - Shot Blocked by Zach Bogosian.
13:41 of 3rd period - Icing by Mark Pysyk.
13:42 of 3rd period - Craig Smith wins face-off versus Barclay Goodrow in COLORADO Avalanche zone.
13:42 of 3rd period - Craig Smith is hit by Tanner Pearson.
14:24 of 3rd period - Shot by David Pastrnak.
14:24 of 3rd period - Stopped by Cam Talbot without a rebound.
14:25 of 3rd period - Jordan Staal wins face-off versus Nick Foligno in PITTSBURGH Penguins zone.
14:42 of 3rd period - Patrik Laine is hit by Jordie Benn and loses puck.
15:18 of 3rd period - Jake Guentzel is hit by Oliver Ekman-Larsson and loses puck.
15:32 of 3rd period - Icing by Nate Schmidt.
15:33 of 3rd period - Jordan Staal wins face-off versus Trevor Zegras in PITTSBURGH Penguins zone.
15:48 of 3rd period - Nate Schmidt is hit by Trevor Zegras and loses puck.
16:25 of 3rd period - Shot by Jason Robertson.
16:25 of 3rd period - Shot Misses the Net.
16:51 of 3rd period - Shot by Jason Zucker.
16:51 of 3rd period - Shot Blocked by Connor Clifton.
16:53 of 3rd period - Shot by Zach Aston-Reese.
16:53 of 3rd period - Stopped by Cam Talbot with a rebound.
16:55 of 3rd period - Shot by Jason Zucker.
16:55 of 3rd period - Stopped by Cam Talbot without a rebound.
16:56 of 3rd period - Barclay Goodrow wins face-off versus Craig Smith in PITTSBURGH Penguins zone.
17:00 of 3rd period - Thomas Chabot is hit by Mark Pysyk and loses puck.
17:18 of 3rd period - Craig Smith is hit by Brandon Carlo and loses puck.
17:54 of 3rd period - Off-side.
17:55 of 3rd period - Nick Foligno wins face-off versus Alexander Volkov in neutral zone.
17:55 of 3rd period - Jason Zucker is hit by Yakov Trenin and loses puck.
17:59 of 3rd period - Minor Penalty to Yakov Trenin for Roughing.
18:00 of 3rd period - Trevor Zegras wins face-off versus Evgeni Malkin in PITTSBURGH Penguins zone.
18:48 of 3rd period - Shot by Jordan Eberle.
18:48 of 3rd period - Shot Misses the Net.
18:50 of 3rd period - Shot by Jordan Eberle.
18:50 of 3rd period - Shot Misses the Net.
18:52 of 3rd period - Shot by Jake DeBrusk.
18:52 of 3rd period - Stopped by Cam Talbot with a rebound.
18:54 of 3rd period - Shot by Zach Bogosian.
18:54 of 3rd period - Stopped by Cam Talbot without a rebound.
18:55 of 3rd period - Craig Smith wins face-off versus Barclay Goodrow in PITTSBURGH Penguins zone.
18:56 of 3rd period - Shot by Jake DeBrusk.
18:56 of 3rd period - Deflect By Jordan Eberle.
18:56 of 3rd period - Shot Misses the Net.
19:17 of 3rd period - Icing by Jake DeBrusk.
19:18 of 3rd period - Evgeni Malkin wins face-off versus Jake DeBrusk in COLORADO Avalanche zone.
19:35 of 3rd period - Shot by Craig Smith.
19:35 of 3rd period - Shot Misses the Net.
19:59 of 3rd period - Shot by Jeff Skinner.
19:59 of 3rd period - Stopped by Cam Talbot with a rebound.
Goals for this period are 0 for COLORADO Avalanche vs 0 for PITTSBURGH Penguins.
Shots for this period are 10 for COLORADO Avalanche vs 5 for PITTSBURGH Penguins.

Overtime #1


0:01 of 1st overtime period - Tomas Nosek wins face-off versus Barclay Goodrow in neutral zone.
0:30 of 1st overtime period - Shot by Tomas Nosek.
0:30 of 1st overtime period - Shot Misses the Net.
0:49 of 1st overtime period - Icing by Brandon Carlo.
0:50 of 1st overtime period - Barclay Goodrow wins face-off versus Tomas Nosek in PITTSBURGH Penguins zone.
1:19 of 1st overtime period - Shot by Tomas Nosek.
1:19 of 1st overtime period - Stopped by Cam Talbot without a rebound.
1:20 of 1st overtime period - Jeff Skinner wins face-off versus Barclay Goodrow in PITTSBURGH Penguins zone.
1:35 of 1st overtime period - Shot by Alexander Volkov.
1:35 of 1st overtime period - Shot Misses the Net.
1:39 of 1st overtime period - Shot by Barclay Goodrow.
1:39 of 1st overtime period - Shot Misses the Net.
2:12 of 1st overtime period - Shot by Gabriel Vilardi.
2:12 of 1st overtime period - Stopped by Jonathan Quick with a rebound.
2:17 of 1st overtime period - Off-side.
2:18 of 1st overtime period - Barclay Goodrow wins face-off versus Tomas Nosek in neutral zone.
2:41 of 1st overtime period - Shot by Alex Iafallo.
2:41 of 1st overtime period - Shot Blocked by Brandon Carlo.
3:22 of 1st overtime period - Shot by Nick Foligno.
3:22 of 1st overtime period - Shot Misses the Net.
3:26 of 1st overtime period - Shot by Nick Foligno.
3:26 of 1st overtime period - Shot Blocked by Alexander Volkov.
3:28 of 1st overtime period - Shot by Nick Foligno.
3:28 of 1st overtime period - Shot Misses the Net.
3:30 of 1st overtime period - Shot by Nick Foligno.
3:30 of 1st overtime period - Stopped by Cam Talbot without a rebound.
3:31 of 1st overtime period - Jeff Skinner wins face-off versus Gabriel Vilardi in PITTSBURGH Penguins zone.
3:48 of 1st overtime period - Shot by Jeff Skinner.
3:48 of 1st overtime period - Deflect By Nick Foligno.
3:48 of 1st overtime period - Stopped by Cam Talbot without a rebound.
3:49 of 1st overtime period - Alex Iafallo wins face-off versus Barclay Goodrow in PITTSBURGH Penguins zone.
3:52 of 1st overtime period - Shot by Nick Foligno.
3:52 of 1st overtime period - Stopped by Cam Talbot with a rebound.
3:55 of 1st overtime period - Icing by Nate Schmidt.
3:56 of 1st overtime period - Tomas Nosek wins face-off versus Barclay Goodrow in PITTSBURGH Penguins zone.
4:13 of 1st overtime period - Shot by Tomas Nosek.
4:13 of 1st overtime period - Shot Blocked by Alexander Volkov.
4:15 of 1st overtime period - Shot by Tomas Nosek.
4:15 of 1st overtime period - Stopped by Cam Talbot without a rebound.
4:16 of 1st overtime period - Barclay Goodrow wins face-off versus Tomas Nosek in PITTSBURGH Penguins zone.
4:31 of 1st overtime period - Shot by Tanner Pearson.
4:31 of 1st overtime period - Deflect By Barclay Goodrow.
4:31 of 1st overtime period - Stopped by Jonathan Quick without a rebound.
4:32 of 1st overtime period - Alex Iafallo wins face-off versus Gabriel Vilardi in COLORADO Avalanche zone.
4:53 of 1st overtime period - Shot by Alex Iafallo.
4:53 of 1st overtime period - Stopped by Cam Talbot without a rebound.
4:54 of 1st overtime period - Tomas Nosek wins face-off versus Barclay Goodrow in PITTSBURGH Penguins zone.
Goals for this period are 0 for COLORADO Avalanche vs 0 for PITTSBURGH Penguins.
Shots for this period are 6 for COLORADO Avalanche vs 2 for PITTSBURGH Penguins.

ShootOut


5:00 of 1st overtime period - Round #1.
5:00 of 1st overtime period - COLORADO Avalanche, David Pastrnak.
5:00 of 1st overtime period - Stopped by Cam Talbot.
5:00 of 1st overtime period - PITTSBURGH Penguins, Jason Robertson.
5:00 of 1st overtime period - Stopped by Jonathan Quick.
5:00 of 1st overtime period - Round #2.
5:00 of 1st overtime period - COLORADO Avalanche, Jeff Skinner.
5:00 of 1st overtime period - Goal by Jeff Skinner.
5:00 of 1st overtime period - PITTSBURGH Penguins, Evgeni Malkin.
5:00 of 1st overtime period - Stopped by Jonathan Quick.
5:00 of 1st overtime period - Round #3.
5:00 of 1st overtime period - COLORADO Avalanche, Jordan Eberle.
5:00 of 1st overtime period - Shot Misses the Net.
5:00 of 1st overtime period - PITTSBURGH Penguins, Jake Guentzel.
5:00 of 1st overtime period - Goal by Jake Guentzel.
5:00 of 1st overtime period - Round #4.
5:00 of 1st overtime period - COLORADO Avalanche, Jake DeBrusk.
5:00 of 1st overtime period - Shot Misses the Net.
5:00 of 1st overtime period - PITTSBURGH Penguins, Barclay Goodrow.
5:00 of 1st overtime period - Stopped by Jonathan Quick.
5:00 of 1st overtime period - Round #5.
5:00 of 1st overtime period - COLORADO Avalanche, Jason Zucker.
5:00 of 1st overtime period - Stopped by Cam Talbot.
5:00 of 1st overtime period - PITTSBURGH Penguins, Patrik Laine.
5:00 of 1st overtime period - Stopped by Jonathan Quick.
5:00 of 1st overtime period - Round #6.
5:00 of 1st overtime period - COLORADO Avalanche, Trevor Zegras.
5:00 of 1st overtime period - Goal by Trevor Zegras.
5:00 of 1st overtime period - PITTSBURGH Penguins, Jordan Kyrou.
5:00 of 1st overtime period - Goal by Jordan Kyrou.
5:00 of 1st overtime period - Round #7.
5:00 of 1st overtime period - COLORADO Avalanche, Tyson Barrie.
5:00 of 1st overtime period - Shot Misses the Net.
5:00 of 1st overtime period - PITTSBURGH Penguins, Thomas Chabot.
5:00 of 1st overtime period - Goal by Thomas Chabot. Output by the SimonT Hockey Simulator (STHS) for Martin Benoit - Original Page W3C HTML5 Valid
Hockey Simulator - Hockey Simulation - Hockey Manager